 Dungeon Crawl Stone Soup version 0.27.0-1-g7a089689b8 (webtiles) character file.

Game seed: 11071662928526731818

52 Crownlay the Chopper (level 3, -6/31 HPs)
             Began as a Hill Orc Fighter on Aug 13, 2021.
             Mangled by a kobold (18 damage)
             ... on level 2 of the Dungeon.
             The game lasted 00:01:32 (1190 turns).

Crownlay the Chopper (Hill Orc Fighter)             Turns: 1190, Time: 00:01:32

Health: -6/31      AC:  6    Str: 19    XL:     3   Next: 85%
Magic:  3/3        EV:  9    Int:  8    God:
Gold:   7          SH:  0    Dex: 10    Spells: 2/2 levels left

rFire    . . .     SeeInvis .   a - +0 war axe
rCold    . . .     Faith    .   (no shield)
rNeg     . . .     Spirit   .   b - +0 scale mail
rPois    .         Reflect  .   (no helmet)
rElec    .         Harm     .   (no cloak)
rCorr    .         Rampage  .   (no gloves)
Will     .....                  (no boots)
Stlth    ..........             (no amulet)
HPRegen  0.10/turn              (no ring)
MPRegen  0.08/turn              (no ring)

@: no status effects
A: no striking features
a: no special abilities


You were on level 2 of the Dungeon.
You visited 1 branch of the dungeon, and saw 2 of its levels.

You collected 7 gold pieces.

Inventory:

Hand Weapons
 a - a +0 war axe (weapon)
Armour
 b - a +0 scale mail (worn)
 c - a +0 kite shield
Scrolls
 e - 3 scrolls of immolation
 g - a scroll of identify {unknown}
Potions
 d - a potion of might
 f - 3 potions of flight {unknown}


   Skills:
 - Level 3.6 Fighting
 + Level 5.4 Axes
 - Level 3.2 Armour
 - Level 3.2 Shields


You had 2 spell levels left.
You didn't know any spells.
Your spell library contained the following spells:

 Spells                   Type           Power      Damage    Failure   Level
 Magic Dart               Conj           0%         1d3       77%         1
 Searing Ray              Conj           0%         3d3       88%         2
 Static Discharge         Conj/Air       0%         N/A       88%         2
 Fulminant Prism          Conj/Hex       0%         3d6       100%        4
 Lightning Bolt           Conj/Air       0%         1d11      100%        5
 Maxwell's Capacitive Co  Air            0%         ∞         100%        8


Dungeon Overview and Level Annotations

Branches:
Dungeon (2/15)

Altars:


Message History

You miss the adder.
The adder is severely wounded.
You closely miss the quokka. The adder closely misses you.
The quokka bites you but does no damage.
The adder bites you. The quokka misses you.
You hit the adder but do no damage.
The adder is severely wounded.
You hit the quokka.
You kill the quokka!
The adder bites you but does no damage. The adder barely misses you.
You barely miss the adder.
The adder is severely wounded.
You hit the hobgoblin. The hobgoblin closely misses you.
The adder bites you but does no damage.
You closely miss the adder.
The adder is severely wounded.
You hit the hobgoblin.
You kill the hobgoblin!
The adder misses you. The adder barely misses you.
You miss the adder.
The adder is severely wounded.
The adder barely misses you.
You closely miss the adder.
The adder is severely wounded.
The adder bites you. The adder bites you but does no damage.
You hit the adder but do no damage.
The adder is severely wounded.
The adder bites you but does no damage. The adder closely misses you.
You closely miss the adder.
The adder is severely wounded.
The adder bites you.
You slash the adder!
You kill the adder!
You are too injured to fight recklessly!
You are too injured to fight recklessly!
You are too injured to fight recklessly!
You are too injured to fight recklessly!
The kobold hits you but does no damage. Space warps horribly around you!!
Ouch! That really hurt!
You die...

#.#####..#.. #### .#
#.......##.# ...# .##
#.(####.#..# $.. ..#
#..#....#..#. #$.#..#
#....##....#.K##(.K..#
#....##....#.."(r....#
##..###....##.......#
#..# #.....######†.#
#..# ##..#.....@K†##
#... #..###[...###
#... ##.. ###### #...
#.#. #...# #.# #. #.


You could see a kobold.

Vanquished Creatures
  An adder (D:2)
  2 worms (D:2)
  4 ball pythons
  A bat (D:1)
  2 endoplasms (D:1)
  2 giant cockroaches (D:2)
  8 goblins
  4 hobgoblins
  5 kobolds
  A quokka (D:2)
  A frilled lizard (D:1)
  2 rats
33 creatures vanquished.

Notes
Turn   | Place    | Note
-------+----------+-------------------------------------------
     0 | D:1      | Crownlay the Hill Orc Fighter began the quest for the Orb.
     0 | D:1      | Reached XP level 1. HP: 19/19 MP: 1/1
    76 | D:1      | Reached skill level 3 in Axes
   170 | D:1      | Reached XP level 2. HP: 26/26 MP: 2/2
   406 | D:1      | Reached skill level 4 in Axes
   639 | D:2      | Reached XP level 3. HP: 20/31 MP: 3/3
   862 | D:2      | Found a faded altar of an unknown god.
  1132 | D:2      | Reached skill level 5 in Axes
  1190 | D:2      | Mangled by a kobold

Illustrated notes

Levels and vault maps discovered:
D:1:      kennysheep_arrival_forest, layout_rooms, minmay_crystal_water
D:2:      cheibrodos_greedy_goblins, layout_basic,
          hellmonk_ecumenical_altar_blasted, minmay_randomly_rotated_circles

Skill      XL: |  1  2  3 |
---------------+----------+-----
Axes           | 3 4 5 |  5.4
Fighting       | |  3.6
Armour         | |  3.2
Shields        | |  3.2

Action                   || total
-------------------------++-------
Melee: War axe           ||    81
Armor: Scale mail        ||    59
Dodge: Dodged            ||    56
Block: Kite shield       ||     1
